 Dungeon Crawl Stone Soup version 0.16-a0-3641-g71d4c1b (webtiles) character file.

44 herbaltea the Bolt Thrower (level 3, -4/32 HPs)
             Began as a Deep Dwarf Hunter on Apr 14, 2015.
             Slain by a gnoll (5 damage)
             ... on level 2 of the Dungeon.
             The game lasted 00:02:20 (884 turns).

herbaltea the Bolt Thrower (Deep Dwarf Hunter)       Turns: 884, Time: 00:02:20

Health: -4/32      AC:  6    Str: 16    XL:     3   Next: 39%
Magic:  3/3        EV: 11    Int: 11    God:
Gold:   71         SH:  0    Dex: 13    Spells: 0 memorised, 2 levels left

rFire  . . .     SeeInvis .     b - +1 hand crossbow
rCold  . . .     Clarity  .     h - +0 ring mail
rNeg   . . .     SustAb   .     (no shield)
rPois  .         Gourm    .     (no helmet)
rElec  .         Spirit   .     (no cloak)
rCorr  .         Warding  .     k - +0 pair of gloves
rMut   .         Stasis   .     (no boots)
MR     +....                    t - amulet of inaccuracy (curse)
Stlth  +.........               (no ring)
                                s - ring of protection from magic

@: non-regenerating, somewhat resistant to hostile enchantments, very unstealthy
A: damage resistance, recharge devices, sense surroundings 1, slow healing 3
a: Device Recharging


You were on level 2 of the Dungeon.
You were not hungry.

You visited 1 branch of the dungeon, and saw 2 of its levels.

You collected 71 gold pieces.

Inventory:

Hand weapons
 a - a +0 short sword
 b - a +1 hand crossbow (weapon)
Missiles
 c - 11 bolts (quivered)
 g - 9 poisoned bolts
Armour
 d - a +0 leather armour
 h - a +0 ring mail (worn)
 k - a +0 pair of gloves (worn)
Jewellery
 s - a ring of protection from magic (left hand)
 t - a cursed amulet of inaccuracy (around neck)
Magical devices
 e - a wand of heal wounds (5)
Scrolls
 o - a scroll of fog
 r - 3 scrolls of fear {unknown}
Potions
 j - a potion of heal wounds {unknown}
 l - a potion of lignification {unknown}
 m - a potion of ambrosia {unknown}
 n - 2 potions of haste {unknown}
 p - a potion of might {unknown}
 q - a potion of restore abilities {unknown}
Comestibles
 f - 2 bread rations
 i - a beef jerky


   Skills:
 + Level 2.1 Fighting
 - Level 0.1 Short Blades
 + Level 5.2 Crossbows
 + Level 1.0 Armour
 + Level 2.4 Dodging
 + Level 1.2 Stealth


You had 2 spell levels left.
You didn't know any spells.

Dungeon Overview and Level Annotations

Branches:
Dungeon (2/15)

Altars:
Elyvilon
Zin
The Shining One

Annotations:
D:2 Terence


Innate Abilities, Weirdness & Mutations

You are resistant to damage.
You can recharge devices by infusing magical energy.
You passively map a small area around you.
You do not heal naturally.


Message History

You shoot a bolt. The bolt closely misses the gnoll.
The bolt barely misses the gnoll.
The bolt misses the gnoll.
The gnoll hits you but does no damage.
Firing (i - inventory. (,) - cycle):
c - 13 bolts (quivered)
Press: ? - help, Shift-Dir - straight line, f/p - gnoll
Aim: a gnoll (lightly wounded)
You shoot a bolt. The bolt hits the gnoll.
The gnoll is moderately wounded.
The gnoll closely misses you. The gnoll barely misses you.
The gnoll hits you from afar with a spear!
* * * LOW HITPOINT WARNING * * *
The gnoll closely misses you.
Firing (i - inventory. (,) - cycle):
c - 12 bolts (quivered)
Press: ? - help, Shift-Dir - straight line, f/p - gnoll
Aim: a gnoll (lightly wounded)
You shoot a bolt. The bolt barely misses the gnoll.
The bolt hits the gnoll!
You kill the gnoll!
Your Armour skill increases to level 1!
The gnoll hits you but does no damage. The gnoll hits you.
You die...

#######*** #.....# #...).#
#######.....# #....##.....#
,, * #....##...#### .
#....##.@###8###.#*
##......gg#_._._#..##
#........(##'''##...#
#.....##.(.##.##..#.#
###.###.####..#.##.##.#
##.....#.# ###....#.##.######
#........# #.....†#.##.......
##.....#.###..(.....(#.......
##.#.....##......##.........


You could see 2 gnolls.

Vanquished Creatures
  A gnoll (D:2)
  A ball python (D:1)
  2 goblins
  5 hobgoblins (D:1)
  4 jackals
  4 kobolds (D:1)
  2 quokkas (D:2)
  2 bats (D:1)
  A giant cockroach (D:1)
  3 giant geckos
  7 rats
32 creatures vanquished.

Notes
Turn   | Place    | Note
--------------------------------------------------------------
     0 | D:1      | herbaltea, the Deep Dwarf Hunter, began the quest for the Orb.
     0 | D:1      | Reached XP level 1. HP: 19/19 MP: 1/1
   194 | D:1      | Reached XP level 2. HP: 21/26 MP: 2/2
   261 | D:1      | Reached skill level 5 in Crossbows
   584 | D:2      | Noticed Terence
   662 | D:2      | Reached XP level 3. HP: 18/32 MP: 3/3
   859 | D:2      | Found a glowing golden altar of the Shining One.
   859 | D:2      | Found a white marble altar of Elyvilon.
   859 | D:2      | Found a glowing silver altar of Zin.
   883 | D:2      | HP: 1/32 [gnoll/spear (6)]
   884 | D:2      | Reached skill level 1 in Armour
   884 | D:2      | Slain by a gnoll

Action                   || total
-------------------------++-------
Melee: Short sword       ||   127
 Fire: Hand crossbow     ||     9
  Use: Scroll            ||     2
